 Dungeon Crawl Stone Soup version 0.27-a0-705-ga0013940fb (webtiles) character file.

Game seed: 5037615070652827854

135 Klosterheim the Insei (level 4, -1/34 (35) HPs)
             Began as a Demigod Transmuter on Mar 23, 2021.
             Killed from afar by Sigmund (10 damage)
             ... with a magic dart
             ... on level 6 of the Dungeon.
             The game lasted 00:05:26 (4067 turns).

Klosterheim the Insei (Demigod Transmuter)          Turns: 4067, Time: 00:05:26

HP:   -1/34 (35)    AC:  2    Str: 17    XL:     4   Next: 66%
MP:   3/9           EV: 19    Int: 19    God:
Gold: 115           SH:  0    Dex: 19    Spells: 3/7 levels left

rFire    . . .     SeeInvis .     - Unarmed
rCold    . . .     Faith    .   (shield currently unavailable)
rNeg     . . .     Spirit   .   (armour currently unavailable)
rPois    x         Reflect  .   (helmet currently unavailable)
rElec    .         Harm     .   (cloak currently unavailable)
rCorr    .         Rampage  .   (gloves currently unavailable)
Will     .....                  (boots currently unavailable)
Stlth    ++........             (no amulet)
HPRegen  0.11/turn              e - +6 ring of strength
MPRegen  0.11/turn              (no ring)

@: spider-form, very slightly contaminated, lightly drained
A: venomous fangs, tiny, high mp 1, forlorn
a: End Transformation


You were on level 6 of the Dungeon.
You were a venomous arachnid creature.
You visited 1 branch of the dungeon, and saw 5 of its levels.

You collected 115 gold pieces.

Inventory:

Hand Weapons
 h - the +3 lajatang "Paveesiu" {flame, *Corrode Str+6 Int-2 SInv}
   (You found it on level 4 of the Dungeon)

   It has been specially enchanted to burn those struck by it, causing extra
   injury to most foes and up to half again as much damage against particularly
   susceptible opponents.
   Big, fiery blades are also staple armaments of hydra-hunters.
   It affects your strength (+6).
   It affects your intelligence (-2).
   It lets you see invisible.
   It may corrode you when you take damage.
Armour
 a - a +0 robe
 f - a +0 ring mail (melded)
 i - a +0 buckler (melded)
Jewellery
 e - a +6 ring of strength (right front leg)
Scrolls
 c - 2 scrolls of teleportation {unknown}
 d - a scroll of blinking {unknown}
Potions
 b - a potion of berserk rage {unknown}
 g - a potion of curing {unknown}


   Skills:
 - Level 1.0 Fighting
 - Level 2.0 Dodging
 + Level 1.0 Shields
 - Level 4.0 Unarmed Combat
 - Level 2.0 Spellcasting
 + Level 2.5 Transmutations
 + Level 1.4 Poison Magic


You had 3 spell levels left.
You knew the following spells:

 Your Spells              Type           Power      Damage    Failure   Level
a - Beastly Appendage     Tmut           22%        N/A       17%         1
b - Spider Form           Tmut/Pois      4%         N/A       43%         3

Your spell library contained the following spells:

 Spells                   Type           Power      Damage    Failure   Level
 Wereblood                Tmut           11%        N/A       22%         2
 Ice Form                 Ice/Tmut       6%         N/A       86%         4
 Blade Hands              Tmut           5%         N/A       95%         5


Dungeon Overview and Level Annotations

Branches:
Dungeon (4/15)
 Temple: D:4-7

Annotations:
D:4 Eustachio
D:6 Sigmund


Innate Abilities, Weirdness & Mutations

You are a venomous arachnid creature.
You have poisonous fangs.
You are tiny and dextrous.
Your spellcasting is less reliable in this form.
Your armour is entirely melded.
You are incapable of wielding weapons or throwing items.
Your attributes grow dramatically as you level up.
You have an increased reservoir of magic. (+10% MP)
You shall have no god before yourself.


Message History

No target in view!
No target in view!
No target in view!
No target in view!
No target in view!
No target in view!
No target in view!
Magic restored.
Your transformation is almost over.
HP restored.
You fall into a shaft and drop 2 floors!
The shaft crumbles and collapses.
Your horns disappear.
Your talons disappear.
Sigmund the Dreaded comes into view.
He is wielding a +0 scythe.
Sigmund shouts!
Sigmund is nearby!
Casting: Beastly Appendage (safe; 16% risk of failure)
Confirm with . or Enter, or press ? or * to list all spells.
The spell is extremely dangerous to cast (52% risk of failure)!
Continue anyway?
You miscast Spider Form.
You are very lightly contaminated with residual magic.
Nothing appears to happen.
Casting: Spider Form (extremely dangerous; 52% risk of failure)
Confirm with . or Enter, or press ? or * to list all spells.
The spell is extremely dangerous to cast (52% risk of failure)!
Continue anyway?
You turn into a venomous arachnid creature.
Your +0 buckler melds into your body.
Your +0 ring mail melds into your body.
Sigmund gestures at you while chanting. The puff of flame misses you.
Sigmund casts a spell at you. The magic dart hits you!
Sigmund points at you and mumbles some strange words.
The magic dart hits you! Sigmund casts a spell at you.
The puff of flame hits you!
* * * LOW HITPOINT WARNING * * *
You hit Sigmund but do no damage.
Sigmund is poisoned.
Sigmund gestures at you while chanting. The magic dart hits you!
You die...

##### #...#
#...# #..@#
#..s## +....#
#....# #....#
####.# #.#
#.#####.##.#
#..........#
.........####


You could see Sigmund (very poisoned).

Vanquished Creatures
  An orc priest (D:4)
  A worker ant (D:4)
  2 adders
  An adder skeleton (D:4)
  A dart slug (D:2)
  An orc (D:3)
  7 ball pythons
  6 bats
  3 giant cockroaches
  4 hobgoblins
  4 jackals (D:2)
  6 kobolds
  5 oozes
  2 quokkas
  2 frilled lizards
  4 goblins
  6 rats
56 creatures vanquished.

Notes
Turn   | Place    | Note
-------+----------+-------------------------------------------
     0 | D:1      | Klosterheim the Demigod Transmuter began the quest for the
                  | Orb.
     0 | D:1      | Reached XP level 1. HP: 15/15 MP: 5/5
   103 | D:1      | Reached skill level 1 in Fighting
   383 | D:1      | You fall into a shaft and drop 1 floor!
   392 | D:2      | Reached XP level 2. HP: 19/23 MP: 5/7
   494 | D:2      | Reached skill level 3 in Unarmed Combat
   993 | D:2      | Reached XP level 3. HP: 15/28 MP: 8/8
  1211 | D:2      | Learned a level 3 spell: Spider Form
  3323 | D:4      | Identified the +3 lajatang "Paveesiu" {flame, *Corrode
                  | Str+6 Int-2 SInv}
  3495 | D:4      | Reached skill level 4 in Unarmed Combat
  3495 | D:4      | Reached skill level 1 in Poison Magic
  3495 | D:4      | Reached XP level 4. HP: 23/35 MP: 9/9
  3612 | D:4      | Noticed Eustachio
  3626 | D:4      | Reached skill level 1 in Shields
  4056 | D:4      | You fall into a shaft and drop 2 floors!
  4060 | D:6      | Noticed Sigmund
  4067 | D:6      | Killed from afar by Sigmund

Illustrated notes

Levels and vault maps discovered:
D:1:      dpeg_arrival_lava_altar, layout_basic, st_stairs_14, minmay_domino_2
D:2:      layout_loops_ring, overflow_temple_1_default
D:3:      layout_loops_corners, old_standard_altar,
          chequers_ecumenical_altar_island
D:4:      cheibrodos_barr_body, layout_rooms, kennysheep_little_box,
          kennysheep_mini, minmay_temple_entry_mist, minmay_surrounded,
          uniq_crazy_yiuf_cottage, uniq_eustachio
D:6:      layout_basic, hangedman_decor_lopped, uniq_sigmund

Skill      XL: |  1  2  3  4 |
---------------+-------------+-----
Fighting       | 1 |  1.0
Dodging        | 2 |  2.0
Spellcasting   | 2 |  2.0
Transmutations | 2 |  2.5
Unarmed Combat | 3 4 |  4.0
Poison Magic   | 1 |  1.4
Shields        | 1 |  1.0

Action                   |  1- 3 |  4- 6 || total
-------------------------+-------+-------++-------
Melee: Unarmed           |   167 |    26 ||   193
       Headbutt          |    10 |     3 ||    13
       Kick              |    16 |     6 ||    22
       Punch             |     2 |       ||     2
 Cast: Beastly Appendage |    23 |     3 ||    26
       Spider Form       |       |     1 ||     1
 Stab: Sleeping          |     2 |       ||     2
Armor: Robe              |    26 |       ||    26
       Ring mail         |     9 |    10 ||    19
Dodge: Dodged            |   123 |    19 ||   142
Block: Buckler           |       |     4 ||     4

Table legend: (Time is in decaauts)
 A = Elapsed time spent in this place.
 B = Non-inter-level travel time spent in this place.
 C = Inter-level travel time spent in this place.
 D = Time resting spent in this place.
 E = Time spent auto-exploring this place.
 F = Levels seen in this place.
 G = Mean time per level.
                   A        B        C        D        E       F      G
               +--------+--------+--------+--------+--------+-----+--------+
         Total |   4060 |   3758 |    302 |    815 |   2484 |   5 |  812.0 |
       Dungeon |   4060 |   3758 |    302 |    815 |   2484 |   5 |  812.0 |
               +--------+--------+--------+--------+--------+-----+--------+

Top non-repeatable levels by time:
     D:3: 1495 daAuts
     D:2: 1288 daAuts
     D:1: 1059 daAuts
     D:4: 205 daAuts
     D:6: 10 daAuts
